Connexion

NEW JERSEY Devils vs EDMONTON Oilers

Created - 13 décembre 2023 at 05:48

Goals
1 2 3 OT1 SO T
NEW JERSEY Devils 2 1 1 0 3 4
EDMONTON Oilers 3 1 0 0 4 5
Shots
1 2 3 OT1 SO T
NEW JERSEY Devils 10 9 6 3 6 28
EDMONTON Oilers 15 15 23 3 6 56

GoalsPenalties
1st period
1. EDMONTON Oilers , Clayton Keller 24 (Nico Hischier 27) at 7:41
2. EDMONTON Oilers , Nikolaj Ehlers 13 (Arthur Kaliyev 11, Rasmus Sandin 11) at 9:12 (PP)
3. NEW JERSEY Devils , Jaccob Slavin 9 (Kirby Dach 5, Shayne Gostisbehere 31) at 10:06
4. NEW JERSEY Devils , Sam Bennett 12 (Trevor Zegras 25, Kirby Dach 6) at 12:25 (PP)
5. EDMONTON Oilers , Nico Hischier 24 (Tony DeAngelo 34, Roman Josi 28) at 12:52
Jaccob Slavin (N.J) for Tripping (Minor) at 5:38
Vladislav Gavrikov (N.J) for Roughing (Minor) at 7:56
Alexander Romanov (EDM) for Tripping (Minor) at 12:19
Alexander Romanov (EDM) for Slashing (Minor) at 17:24
2nd period
6. EDMONTON Oilers , Jack Quinn 9 (Rasmus Sandin 12) at 13:59
7. NEW JERSEY Devils , Trevor Zegras 12 (Max Domi 16, Troy Terry 12) at 18:27
Roope Hintz (N.J) for High sticking (Minor) at 14:45
3rd period
8. NEW JERSEY Devils , Max Domi 18 (Troy Terry 13, Trevor Zegras 26) at 9:44
Roope Hintz (N.J) for Tripping (Minor) at 7:12
Shayne Gostisbehere (N.J) for Roughing (Minor) at 10:06
Brett Kulak (N.J) for Cross-checking (Minor) at 11:01
Pavel Francouz (N.J) for Slashing (Minor) at 12:32 - Sam Bennett served the penalty.
Overtime #1
No Goal
Shootout
NEW JERSEY Devils, Max Domi - Stopped by Juuse Saros
EDMONTON Oilers , Nikolaj Ehlers - Shot Misses the Net
NEW JERSEY Devils, Troy Terry - Goal!
EDMONTON Oilers , Ryan O'Reilly - Goal!
NEW JERSEY Devils, Roope Hintz - Goal!
EDMONTON Oilers , Nico Hischier - Goal!
NEW JERSEY Devils, Trevor Zegras - Goal!
EDMONTON Oilers , Clayton Keller - Goal!
NEW JERSEY Devils, Anton Lundell - Stopped by Juuse Saros
EDMONTON Oilers , Mitch Marner - Stopped by Pavel Francouz
NEW JERSEY Devils, Brock Nelson - Shot Misses the Net
EDMONTON Oilers , Dylan Strome - Goal!
Goalie Stats
Pavel Francouz (N.J), 52 saves from 56 shots - (0,929), OTL, 0-0-1, 65:00 minutes
Juuse Saros (EDM), 24 saves from 28 shots - (0,857), W, 24-10-6, 65:00 minutes
3 StarsOfficial
1 - Trevor Zegras (N.J)
2 - Nico Hischier (EDM)
3 - Max Domi (N.J)
Referees : Bill McCreary and Jean Hebert
Linesman : Derek Nansen and Pierre Champoux
Game Note
No Game Note
Finance
Level 1 -- Attendance: 6000 (100,00%) -- Ticket Income $720,000
Level 2 -- Attendance: 3839 (100,00%) -- Ticket Income $391,578
Level 3 -- Attendance: 2000 (100,00%) -- Ticket Income $102,000
Level 4 -- Attendance: 3110 (77,75%) -- Ticket Income $124,400
Luxury Box -- Attendance: 1000 (100,00%) -- Ticket Income $240,000
Game was played at the Rexall Place.
Total Attendance: 15949 (94,71%)
Total Ticket Income: $1,577,978
Other Income: $315,596
Total Income: $1,893,574



Team Name Goals Shots Shots Attemp Shots Blocked PIM HIT PP PK FO%
NEW JERSEY Devils 428502014131 / 2 (50%)145%
EDMONTON Oilers 55612644191 / 7 (14%)155%

NEW JERSEY Devils
Player Name POS G A P +/- PIM HIT SHT SB MP PP MP PP SHT PK MP PK SHT FO% FOT
Anton LundellC0000003113:330:0000:00045% 20
Brett KulakD0001220112:540:0002:1000% 0
Brock NelsonC000-1001115:290:0003:31040% 15
Christian DvorakC/LW000000208:270:0001:30045% 11
Cody GlassC000-100109:560:0000:000100% 1
Erik JohnsonD0001011114:510:0004:1800% 0
Jaccob SlavinD1010231426:341:0605:4100% 0
Jordan HarrisD000-1000017:160:5900:2100% 0
Kirby DachC/RW0220002114:451:1200:000100% 3
Max DomiC/LW1121011023:050:5301:32067% 6
Nail YakupovRW000000106:100:0001:5800% 0
Rem PitlickC/LW/RW0000000011:420:0007:30036% 25
Roope HintzC/LW0000422114:240:5310:000100% 1
Sam BennettC/LW101-1014117:231:1215:43150% 2
Shayne GostisbehereD0110212528:121:0605:1500% 0
Trevor ZegrasC1231024019:481:1200:00040% 30
Troy TerryC/RW0221003122:060:5300:00067% 3
Vladislav GavrikovD000-1200325:090:5905:3000% 0
EDMONTON Oilers
Player Name POS G A P +/- PIM HIT SHT SB MP PP MP PP SHT PK MP PK SHT FO% FOT
Alexander RomanovD0001430010:350:0000:0000% 0
Anthony CirelliC0001030113:300:0000:50050% 20
Arthur KaliyevRW011-1024022:235:5200:000100% 3
Casey CizikasC000000102:460:0000:0000% 0
Clayton KellerC/LW/RW1010019024:165:4610:000100% 1
Dylan StromeC0001003011:580:0000:500100% 1
Jack QuinnRW101101209:490:0000:0000% 1
Jonas SiegenthalerD0000001020:280:0001:1500% 0
Mackenzie EntwistleRW000002002:460:0000:0000% 0
Mitch MarnerRW0000021022:575:4600:00067% 3
Nico HischierC1120029023:475:4630:00056% 36
Nikolaj EhlersLW101-1017124:285:5241:15060% 5
Oliver Ekman-LarssonD0000016227:485:4841:1500% 0
Rasmus SandinD0221004015:355:4830:0000% 0
Roman Josi D011-1004025:165:5040:5000% 0
Ryan O'ReillyC/LW000-1012026:295:5201:15055% 42
Tony DeAngeloD011-1003025:165:5010:5000% 0
Yegor SharangovichC/LW000000002:460:0000:00020% 5



Play-by-Play

1st period


0:01 of 1st period - Arthur Kaliyev wins face-off versus Trevor Zegras in neutral zone.
0:06 of 1st period - Trevor Zegras is hit by Nikolaj Ehlers and loses puck.
0:12 of 1st period - Icing by Shayne Gostisbehere.
0:13 of 1st period - Trevor Zegras wins face-off versus Nico Hischier in NEW JERSEY Devils zone.
0:15 of 1st period - Icing by Shayne Gostisbehere.
0:16 of 1st period - Anthony Cirelli wins face-off versus Trevor Zegras in NEW JERSEY Devils zone.
0:19 of 1st period - Shot by Jack Quinn.
0:19 of 1st period - Shot Misses the Net.
0:42 of 1st period - Shot by Trevor Zegras.
0:42 of 1st period - Shot Misses the Net.
0:44 of 1st period - Shot by Shayne Gostisbehere.
0:44 of 1st period - Stopped by Juuse Saros without a rebound.
0:45 of 1st period - Anton Lundell wins face-off versus Nico Hischier in EDMONTON Oilers zone.
1:04 of 1st period - Shot by Anton Lundell.
1:04 of 1st period - Shot Misses the Net.
1:07 of 1st period - Icing by Mitch Marner.
1:08 of 1st period - Nico Hischier wins face-off versus Brock Nelson in EDMONTON Oilers zone.
1:19 of 1st period - Shot by Brock Nelson.
1:19 of 1st period - Stopped by Juuse Saros with a rebound.
1:21 of 1st period - Shot by Erik Johnson.
1:21 of 1st period - Stopped by Juuse Saros without a rebound.
1:22 of 1st period - Ryan O'Reilly wins face-off versus Christian Dvorak in EDMONTON Oilers zone.
1:34 of 1st period - Off-side.
1:35 of 1st period - Kirby Dach wins face-off versus Yegor Sharangovich in neutral zone.
1:38 of 1st period - Mackenzie Entwistle is hit by Roope Hintz and loses puck.
2:12 of 1st period - Icing by Jordan Harris.
2:13 of 1st period - Anton Lundell wins face-off versus Nikolaj Ehlers in NEW JERSEY Devils zone.
3:08 of 1st period - Shot by Clayton Keller.
3:08 of 1st period - Stopped by Pavel Francouz without a rebound.
3:09 of 1st period - Mitch Marner wins face-off versus Trevor Zegras in NEW JERSEY Devils zone.
3:20 of 1st period - Shot by Clayton Keller.
3:20 of 1st period - Shot Misses the Net.
4:01 of 1st period - Icing by Jonas Siegenthaler.
4:02 of 1st period - Nico Hischier wins face-off versus Christian Dvorak in EDMONTON Oilers zone.
4:41 of 1st period - Brett Kulak is hit by Jack Quinn and loses puck.
5:28 of 1st period - Icing by Shayne Gostisbehere.
5:29 of 1st period - Yegor Sharangovich wins face-off versus Anton Lundell in NEW JERSEY Devils zone.
5:38 of 1st period - Minor Penalty to Jaccob Slavin for Tripping.
5:39 of 1st period - Nico Hischier wins face-off versus Brock Nelson in NEW JERSEY Devils zone.
6:48 of 1st period - Brock Nelson is hit by Arthur Kaliyev and loses puck.
6:55 of 1st period - Shot by Tony DeAngelo.
6:55 of 1st period - Stopped by Pavel Francouz without a rebound.
6:56 of 1st period - Ryan O'Reilly wins face-off versus Rem Pitlick in NEW JERSEY Devils zone.
6:57 of 1st period - Shot by Roman Josi .
6:57 of 1st period - Shot Misses the Net.
6:59 of 1st period - Shot by Ryan O'Reilly.
6:59 of 1st period - Shot Misses the Net.
7:01 of 1st period - Shot by Roman Josi .
7:01 of 1st period - Shot Misses the Net.
7:03 of 1st period - Shot by Ryan O'Reilly.
7:03 of 1st period - Shot Blocked by Vladislav Gavrikov.
7:41 of 1st period - Shot by Clayton Keller.
7:41 of 1st period - Goal by Clayton Keller - NEW JERSEY Devils : 0 - EDMONTON Oilers : 1.
7:42 of 1st period - Trevor Zegras wins face-off versus Anthony Cirelli in neutral zone.
7:56 of 1st period - Minor Penalty to Vladislav Gavrikov for Roughing.
7:57 of 1st period - Nico Hischier wins face-off versus Rem Pitlick in NEW JERSEY Devils zone.
8:06 of 1st period - Shot by Rasmus Sandin.
8:06 of 1st period - Stopped by Pavel Francouz without a rebound.
8:07 of 1st period - Rem Pitlick wins face-off versus Nico Hischier in NEW JERSEY Devils zone.
8:07 of 1st period - Jaccob Slavin is hit by Nico Hischier and loses puck.
8:50 of 1st period - Shot by Roman Josi .
8:50 of 1st period - Stopped by Pavel Francouz without a rebound.
8:51 of 1st period - Nikolaj Ehlers wins face-off versus Rem Pitlick in NEW JERSEY Devils zone.
9:00 of 1st period - Shot by Nikolaj Ehlers.
9:00 of 1st period - Shot Blocked by Jaccob Slavin.
9:12 of 1st period - Shot by Nikolaj Ehlers.
9:12 of 1st period - Goal by Nikolaj Ehlers - NEW JERSEY Devils : 0 - EDMONTON Oilers : 2.
9:13 of 1st period - Anthony Cirelli wins face-off versus Max Domi in neutral zone.
9:37 of 1st period - Shot by Troy Terry.
9:37 of 1st period - Stopped by Juuse Saros without a rebound.
9:38 of 1st period - Ryan O'Reilly wins face-off versus Anton Lundell in EDMONTON Oilers zone.
9:38 of 1st period - Roman Josi is hit by Roope Hintz and loses puck.
10:04 of 1st period - Shot by Kirby Dach.
10:04 of 1st period - Shot Misses the Net.
10:06 of 1st period - Shot by Jaccob Slavin.
10:06 of 1st period - Goal by Jaccob Slavin - NEW JERSEY Devils : 1 - EDMONTON Oilers : 2.
10:07 of 1st period - Trevor Zegras wins face-off versus Nico Hischier in neutral zone.
10:10 of 1st period - Oliver Ekman-Larsson is hit by Max Domi and loses puck.
10:38 of 1st period - Shot by Mitch Marner.
10:38 of 1st period - Shot Misses the Net.
10:40 of 1st period - Shot by Clayton Keller.
10:40 of 1st period - Deflect By Nico Hischier.
10:40 of 1st period - Stopped by Pavel Francouz without a rebound.
10:41 of 1st period - Nikolaj Ehlers wins face-off versus Sam Bennett in NEW JERSEY Devils zone.
11:02 of 1st period - Shot by Tony DeAngelo.
11:02 of 1st period - Stopped by Pavel Francouz without a rebound.
11:03 of 1st period - Anton Lundell wins face-off versus Anthony Cirelli in NEW JERSEY Devils zone.
11:12 of 1st period - Shot by Anton Lundell.
11:12 of 1st period - Stopped by Juuse Saros without a rebound.
11:13 of 1st period - Nico Hischier wins face-off versus Trevor Zegras in EDMONTON Oilers zone.
11:48 of 1st period - Shot by Mitch Marner.
11:48 of 1st period - Shot Blocked by Jaccob Slavin.
12:00 of 1st period - Shot by Clayton Keller.
12:00 of 1st period - Stopped by Pavel Francouz without a rebound.
12:01 of 1st period - Anton Lundell wins face-off versus Ryan O'Reilly in NEW JERSEY Devils zone.
12:01 of 1st period - Anton Lundell is hit by Ryan O'Reilly.
12:14 of 1st period - Shot by Roope Hintz.
12:14 of 1st period - Shot Misses the Net.
12:16 of 1st period - Shot by Kirby Dach.
12:16 of 1st period - Stopped by Juuse Saros without a rebound.
12:17 of 1st period - Brock Nelson wins face-off versus Anthony Cirelli in EDMONTON Oilers zone.
12:19 of 1st period - Minor Penalty to Alexander Romanov for Tripping.
12:20 of 1st period - Trevor Zegras wins face-off versus Ryan O'Reilly in EDMONTON Oilers zone.
12:23 of 1st period - Shot by Trevor Zegras.
12:23 of 1st period - Shot Blocked by Oliver Ekman-Larsson.
12:25 of 1st period - Shot by Sam Bennett.
12:25 of 1st period - Goal by Sam Bennett - NEW JERSEY Devils : 2 - EDMONTON Oilers : 2.
12:26 of 1st period - Brock Nelson wins face-off versus Ryan O'Reilly in neutral zone.
12:40 of 1st period - Icing by Shayne Gostisbehere.
12:41 of 1st period - Nico Hischier wins face-off versus Brock Nelson in NEW JERSEY Devils zone.
12:46 of 1st period - Shot by Mitch Marner.
12:46 of 1st period - Shot Blocked by Shayne Gostisbehere.
12:52 of 1st period - Shot by Nico Hischier.
12:52 of 1st period - Goal by Nico Hischier - NEW JERSEY Devils : 2 - EDMONTON Oilers : 3.
12:53 of 1st period - Ryan O'Reilly wins face-off versus Trevor Zegras in neutral zone.
13:18 of 1st period - Shot by Ryan O'Reilly.
13:18 of 1st period - Shot Misses the Net.
13:20 of 1st period - Shot by Ryan O'Reilly.
13:20 of 1st period - Shot Blocked by Troy Terry.
13:22 of 1st period - Shot by Ryan O'Reilly.
13:22 of 1st period - Shot Misses the Net.
14:03 of 1st period - Shot by Mitch Marner.
14:03 of 1st period - Deflect By Clayton Keller.
14:03 of 1st period - Stopped by Pavel Francouz with a rebound.
14:05 of 1st period - Shot by Nico Hischier.
14:05 of 1st period - Stopped by Pavel Francouz with a rebound.
15:03 of 1st period - Shot by Rasmus Sandin.
15:03 of 1st period - Stopped by Pavel Francouz without a rebound.
15:04 of 1st period - Anthony Cirelli wins face-off versus Brock Nelson in NEW JERSEY Devils zone.
15:37 of 1st period - Shot by Sam Bennett.
15:37 of 1st period - Stopped by Juuse Saros without a rebound.
15:38 of 1st period - Ryan O'Reilly wins face-off versus Anton Lundell in EDMONTON Oilers zone.
16:15 of 1st period - Shot by Arthur Kaliyev.
16:15 of 1st period - Stopped by Pavel Francouz without a rebound.
16:16 of 1st period - Cody Glass wins face-off versus Yegor Sharangovich in NEW JERSEY Devils zone.
16:16 of 1st period - Cody Glass is hit by Mackenzie Entwistle.
16:28 of 1st period - Shot by Cody Glass.
16:28 of 1st period - Deflect By Sam Bennett.
16:28 of 1st period - Shot Misses the Net.
16:45 of 1st period - Cody Glass is hit by Alexander Romanov.
16:59 of 1st period - Shot by Yegor Sharangovich.
16:59 of 1st period - Deflect By Casey Cizikas.
16:59 of 1st period - Stopped by Pavel Francouz with a rebound.
17:23 of 1st period - Rem Pitlick is hit by Alexander Romanov and loses puck.
17:24 of 1st period - Minor Penalty to Alexander Romanov for Slashing.
17:25 of 1st period - Max Domi wins face-off versus Anthony Cirelli in EDMONTON Oilers zone.
17:42 of 1st period - Shot by Roope Hintz.
17:42 of 1st period - Stopped by Juuse Saros without a rebound.
17:43 of 1st period - Anthony Cirelli wins face-off versus Trevor Zegras in EDMONTON Oilers zone.
17:43 of 1st period - Anthony Cirelli is hit by Sam Bennett.
17:53 of 1st period - Shot by Shayne Gostisbehere.
17:53 of 1st period - Shot Misses the Net.
18:00 of 1st period - Icing by Trevor Zegras.
18:01 of 1st period - Anthony Cirelli wins face-off versus Trevor Zegras in NEW JERSEY Devils zone.
18:20 of 1st period - Shot by Trevor Zegras.
18:20 of 1st period - Shot Misses the Net.
18:22 of 1st period - Shot by Shayne Gostisbehere.
18:22 of 1st period - Shot Blocked by Nikolaj Ehlers.
18:26 of 1st period - Shot by Shayne Gostisbehere.
18:26 of 1st period - Shot Misses the Net.
19:16 of 1st period - Shot by Troy Terry.
19:16 of 1st period - Shot Misses the Net.
19:18 of 1st period - Shot by Troy Terry.
19:18 of 1st period - Shot Misses the Net.
19:24 of 1st period - Shot by Max Domi.
19:24 of 1st period - Shot Misses the Net.
19:45 of 1st period - Rem Pitlick is hit by Alexander Romanov and loses puck.
19:52 of 1st period - Nail Yakupov is hit by Mitch Marner.
Goals for this period are 2 for NEW JERSEY Devils vs 3 for EDMONTON Oilers .
Shots for this period are 10 for NEW JERSEY Devils vs 15 for EDMONTON Oilers .

2nd period


0:01 of 2nd period - Ryan O'Reilly wins face-off versus Trevor Zegras in neutral zone.
0:09 of 2nd period - Icing by Shayne Gostisbehere.
0:10 of 2nd period - Trevor Zegras wins face-off versus Nico Hischier in NEW JERSEY Devils zone.
1:37 of 2nd period - Shot by Arthur Kaliyev.
1:37 of 2nd period - Stopped by Pavel Francouz without a rebound.
1:38 of 2nd period - Brock Nelson wins face-off versus Jack Quinn in NEW JERSEY Devils zone.
2:00 of 2nd period - Dylan Strome is hit by Erik Johnson and loses puck.
2:26 of 2nd period - Icing by Alexander Romanov.
2:27 of 2nd period - Roope Hintz wins face-off versus Anthony Cirelli in EDMONTON Oilers zone.
3:10 of 2nd period - Shot by Ryan O'Reilly.
3:10 of 2nd period - Shot Misses the Net.
3:17 of 2nd period - Off-side.
3:18 of 2nd period - Trevor Zegras wins face-off versus Nico Hischier in neutral zone.
3:35 of 2nd period - Shot by Troy Terry.
3:35 of 2nd period - Stopped by Juuse Saros with a rebound.
3:49 of 2nd period - Shot by Nico Hischier.
3:49 of 2nd period - Shot Misses the Net.
4:03 of 2nd period - Shot by Nico Hischier.
4:03 of 2nd period - Deflect By Mitch Marner.
4:03 of 2nd period - Shot Misses the Net.
5:11 of 2nd period - Shot by Sam Bennett.
5:11 of 2nd period - Stopped by Juuse Saros without a rebound.
5:12 of 2nd period - Anton Lundell wins face-off versus Yegor Sharangovich in EDMONTON Oilers zone.
5:13 of 2nd period - Shot by Kirby Dach.
5:13 of 2nd period - Stopped by Juuse Saros without a rebound.
5:14 of 2nd period - Kirby Dach wins face-off versus Nico Hischier in EDMONTON Oilers zone.
5:20 of 2nd period - Nico Hischier is hit by Brett Kulak and loses puck.
5:48 of 2nd period - Shot by Anton Lundell.
5:48 of 2nd period - Stopped by Juuse Saros without a rebound.
5:49 of 2nd period - Brock Nelson wins face-off versus Ryan O'Reilly in EDMONTON Oilers zone.
5:56 of 2nd period - Shot by Cody Glass.
5:56 of 2nd period - Stopped by Juuse Saros without a rebound.
5:57 of 2nd period - Brock Nelson wins face-off versus Ryan O'Reilly in EDMONTON Oilers zone.
6:05 of 2nd period - Roman Josi is hit by Jaccob Slavin and loses puck.
6:34 of 2nd period - Shot by Arthur Kaliyev.
6:34 of 2nd period - Shot Misses the Net.
6:54 of 2nd period - Shot by Clayton Keller.
6:54 of 2nd period - Shot Misses the Net.
6:56 of 2nd period - Shot by Jonas Siegenthaler.
6:56 of 2nd period - Shot Blocked by Shayne Gostisbehere.
7:04 of 2nd period - Shot by Mitch Marner.
7:04 of 2nd period - Shot Blocked by Jaccob Slavin.
7:06 of 2nd period - Shot by Oliver Ekman-Larsson.
7:06 of 2nd period - Shot Misses the Net.
7:08 of 2nd period - Shot by Nico Hischier.
7:08 of 2nd period - Shot Blocked by Brock Nelson.
7:10 of 2nd period - Shot by Nico Hischier.
7:10 of 2nd period - Shot Blocked by Sam Bennett.
7:12 of 2nd period - Shot by Nico Hischier.
7:12 of 2nd period - Shot Misses the Net.
7:14 of 2nd period - Shot by Oliver Ekman-Larsson.
7:14 of 2nd period - Shot Misses the Net.
7:16 of 2nd period - Shot by Mitch Marner.
7:16 of 2nd period - Shot Misses the Net.
7:18 of 2nd period - Shot by Oliver Ekman-Larsson.
7:18 of 2nd period - Shot Misses the Net.
7:20 of 2nd period - Shot by Clayton Keller.
7:20 of 2nd period - Stopped by Pavel Francouz without a rebound.
7:21 of 2nd period - Anthony Cirelli wins face-off versus Trevor Zegras in NEW JERSEY Devils zone.
7:24 of 2nd period - Shot by Dylan Strome.
7:24 of 2nd period - Stopped by Pavel Francouz without a rebound.
7:25 of 2nd period - Anthony Cirelli wins face-off versus Trevor Zegras in NEW JERSEY Devils zone.
7:26 of 2nd period - Shot by Jack Quinn.
7:26 of 2nd period - Stopped by Pavel Francouz without a rebound.
7:27 of 2nd period - Anthony Cirelli wins face-off versus Trevor Zegras in NEW JERSEY Devils zone.
8:37 of 2nd period - Off-side.
8:38 of 2nd period - Ryan O'Reilly wins face-off versus Christian Dvorak in neutral zone.
8:51 of 2nd period - Shot by Nikolaj Ehlers.
8:51 of 2nd period - Stopped by Pavel Francouz without a rebound.
8:52 of 2nd period - Kirby Dach wins face-off versus Nico Hischier in NEW JERSEY Devils zone.
9:01 of 2nd period - Icing by Nico Hischier.
9:02 of 2nd period - Nico Hischier wins face-off versus Trevor Zegras in EDMONTON Oilers zone.
9:04 of 2nd period - Icing by Clayton Keller.
9:05 of 2nd period - Nico Hischier wins face-off versus Trevor Zegras in EDMONTON Oilers zone.
9:22 of 2nd period - Trevor Zegras is hit by Nico Hischier and loses puck.
9:37 of 2nd period - Shot by Trevor Zegras.
9:37 of 2nd period - Shot Misses the Net.
9:39 of 2nd period - Shot by Shayne Gostisbehere.
9:39 of 2nd period - Stopped by Juuse Saros without a rebound.
9:40 of 2nd period - Anton Lundell wins face-off versus Ryan O'Reilly in EDMONTON Oilers zone.
10:01 of 2nd period - Shot by Nikolaj Ehlers.
10:01 of 2nd period - Shot Misses the Net.
10:03 of 2nd period - Shot by Ryan O'Reilly.
10:03 of 2nd period - Shot Hit the Post.
10:05 of 2nd period - Shot by Ryan O'Reilly.
10:05 of 2nd period - Shot Misses the Net.
10:07 of 2nd period - Shot by Oliver Ekman-Larsson.
10:07 of 2nd period - Shot Misses the Net.
10:23 of 2nd period - Shot by Ryan O'Reilly.
10:23 of 2nd period - Shot Hit the Post.
10:25 of 2nd period - Shot by Ryan O'Reilly.
10:25 of 2nd period - Stopped by Pavel Francouz with a rebound.
10:32 of 2nd period - Icing by Jordan Harris.
10:33 of 2nd period - Anton Lundell wins face-off versus Nico Hischier in NEW JERSEY Devils zone.
10:45 of 2nd period - Anton Lundell is hit by Mitch Marner and loses puck.
11:20 of 2nd period - Shot by Nico Hischier.
11:20 of 2nd period - Stopped by Pavel Francouz without a rebound.
11:21 of 2nd period - Troy Terry wins face-off versus Anthony Cirelli in NEW JERSEY Devils zone.
11:39 of 2nd period - Icing by Rasmus Sandin.
11:40 of 2nd period - Christian Dvorak wins face-off versus Anthony Cirelli in EDMONTON Oilers zone.
11:41 of 2nd period - Shot by Nail Yakupov.
11:41 of 2nd period - Stopped by Juuse Saros without a rebound.
11:42 of 2nd period - Trevor Zegras wins face-off versus Ryan O'Reilly in EDMONTON Oilers zone.
11:42 of 2nd period - Trevor Zegras is hit by Oliver Ekman-Larsson.
11:54 of 2nd period - Shot by Trevor Zegras.
11:54 of 2nd period - Stopped by Juuse Saros with a rebound.
12:03 of 2nd period - Arthur Kaliyev is hit by Trevor Zegras and loses puck.
12:07 of 2nd period - Off-side.
12:08 of 2nd period - Mitch Marner wins face-off versus Christian Dvorak in neutral zone.
12:12 of 2nd period - Off-side.
12:13 of 2nd period - Nico Hischier wins face-off versus Christian Dvorak in neutral zone.
12:40 of 2nd period - Shot by Nico Hischier.
12:40 of 2nd period - Shot Hit the Post.
12:42 of 2nd period - Shot by Tony DeAngelo.
12:42 of 2nd period - Stopped by Pavel Francouz with a rebound.
12:44 of 2nd period - Shot by Clayton Keller.
12:44 of 2nd period - Shot Misses the Net.
12:46 of 2nd period - Shot by Tony DeAngelo.
12:46 of 2nd period - Shot Misses the Net.
12:48 of 2nd period - Shot by Mitch Marner.
12:48 of 2nd period - Shot Misses the Net.
12:50 of 2nd period - Shot by Clayton Keller.
12:50 of 2nd period - Stopped by Pavel Francouz without a rebound.
12:51 of 2nd period - Ryan O'Reilly wins face-off versus Troy Terry in NEW JERSEY Devils zone.
13:13 of 2nd period - Shot by Ryan O'Reilly.
13:13 of 2nd period - Shot Misses the Net.
13:23 of 2nd period - Shot by Ryan O'Reilly.
13:23 of 2nd period - Shot Blocked by Jaccob Slavin.
13:59 of 2nd period - Shot by Jack Quinn.
13:59 of 2nd period - Goal by Jack Quinn - NEW JERSEY Devils : 2 - EDMONTON Oilers : 4.
14:00 of 2nd period - Anton Lundell wins face-off versus Nico Hischier in neutral zone.
14:45 of 2nd period - Minor Penalty to Roope Hintz for High sticking.
14:46 of 2nd period - Rem Pitlick wins face-off versus Ryan O'Reilly in NEW JERSEY Devils zone.
15:22 of 2nd period - Off-side.
15:23 of 2nd period - Nico Hischier wins face-off versus Rem Pitlick in neutral zone.
15:32 of 2nd period - Shot by Clayton Keller.
15:32 of 2nd period - Stopped by Pavel Francouz without a rebound.
15:33 of 2nd period - Clayton Keller wins face-off versus Rem Pitlick in NEW JERSEY Devils zone.
16:05 of 2nd period - Shot by Roman Josi .
16:05 of 2nd period - Stopped by Pavel Francouz without a rebound.
16:06 of 2nd period - Ryan O'Reilly wins face-off versus Rem Pitlick in NEW JERSEY Devils zone.
16:11 of 2nd period - Shot by Oliver Ekman-Larsson.
16:11 of 2nd period - Stopped by Pavel Francouz without a rebound.
16:12 of 2nd period - Ryan O'Reilly wins face-off versus Rem Pitlick in NEW JERSEY Devils zone.
16:24 of 2nd period - Icing by Rasmus Sandin.
16:25 of 2nd period - Ryan O'Reilly wins face-off versus Rem Pitlick in EDMONTON Oilers zone.
16:46 of 2nd period - Shot by Nico Hischier.
16:46 of 2nd period - Stopped by Pavel Francouz without a rebound.
16:47 of 2nd period - Troy Terry wins face-off versus Nico Hischier in NEW JERSEY Devils zone.
17:24 of 2nd period - Off-side.
17:25 of 2nd period - Arthur Kaliyev wins face-off versus Anton Lundell in neutral zone.
17:32 of 2nd period - Shot by Nikolaj Ehlers.
17:32 of 2nd period - Shot Blocked by Kirby Dach.
17:34 of 2nd period - Shot by Nikolaj Ehlers.
17:34 of 2nd period - Shot Misses the Net.
17:36 of 2nd period - Shot by Nikolaj Ehlers.
17:36 of 2nd period - Shot Blocked by Shayne Gostisbehere.
17:38 of 2nd period - Shot by Nikolaj Ehlers.
17:38 of 2nd period - Shot Misses the Net.
17:40 of 2nd period - Shot by Jonas Siegenthaler.
17:40 of 2nd period - Shot Misses the Net.
17:42 of 2nd period - Shot by Nikolaj Ehlers.
17:42 of 2nd period - Shot Misses the Net.
17:44 of 2nd period - Shot by Ryan O'Reilly.
17:44 of 2nd period - Deflect By Nikolaj Ehlers.
17:44 of 2nd period - Shot Misses the Net.
17:49 of 2nd period - Ryan O'Reilly is hit by Jaccob Slavin.
17:59 of 2nd period - Shot by Nikolaj Ehlers.
17:59 of 2nd period - Shot Misses the Net.
18:01 of 2nd period - Shot by Nikolaj Ehlers.
18:01 of 2nd period - Shot Misses the Net.
18:09 of 2nd period - Shot by Ryan O'Reilly.
18:09 of 2nd period - Shot Blocked by Shayne Gostisbehere.
18:21 of 2nd period - Shot by Dylan Strome.
18:21 of 2nd period - Stopped by Pavel Francouz without a rebound.
18:22 of 2nd period - Trevor Zegras wins face-off versus Nico Hischier in NEW JERSEY Devils zone.
18:27 of 2nd period - Shot by Max Domi.
18:27 of 2nd period - Deflect By Trevor Zegras.
18:27 of 2nd period - Goal by Trevor Zegras - NEW JERSEY Devils : 3 - EDMONTON Oilers : 4.
18:28 of 2nd period - Nico Hischier wins face-off versus Trevor Zegras in neutral zone.
19:07 of 2nd period - Shot by Trevor Zegras.
19:07 of 2nd period - Shot Misses the Net.
Goals for this period are 1 for NEW JERSEY Devils vs 1 for EDMONTON Oilers .
Shots for this period are 9 for NEW JERSEY Devils vs 15 for EDMONTON Oilers .

3rd period


0:01 of 3rd period - Ryan O'Reilly wins face-off versus Trevor Zegras in neutral zone.
0:31 of 3rd period - Shot by Trevor Zegras.
0:31 of 3rd period - Stopped by Juuse Saros without a rebound.
0:32 of 3rd period - Anton Lundell wins face-off versus Anthony Cirelli in EDMONTON Oilers zone.
0:37 of 3rd period - Shot by Anton Lundell.
0:37 of 3rd period - Stopped by Juuse Saros with a rebound.
1:13 of 3rd period - Shot by Kirby Dach.
1:13 of 3rd period - Shot Blocked by Anthony Cirelli.
1:45 of 3rd period - Shot by Ryan O'Reilly.
1:45 of 3rd period - Stopped by Pavel Francouz without a rebound.
1:46 of 3rd period - Trevor Zegras wins face-off versus Nico Hischier in NEW JERSEY Devils zone.
1:48 of 3rd period - Icing by Troy Terry.
1:49 of 3rd period - Trevor Zegras wins face-off versus Ryan O'Reilly in NEW JERSEY Devils zone.
2:20 of 3rd period - Shot by Nikolaj Ehlers.
2:20 of 3rd period - Stopped by Pavel Francouz with a rebound.
2:26 of 3rd period - Shot by Nikolaj Ehlers.
2:26 of 3rd period - Shot Misses the Net.
2:28 of 3rd period - Shot by Ryan O'Reilly.
2:28 of 3rd period - Shot Misses the Net.
2:30 of 3rd period - Shot by Oliver Ekman-Larsson.
2:30 of 3rd period - Stopped by Pavel Francouz without a rebound.
2:31 of 3rd period - Nico Hischier wins face-off versus Anton Lundell in NEW JERSEY Devils zone.
2:36 of 3rd period - Shot by Mitch Marner.
2:36 of 3rd period - Shot Blocked by Shayne Gostisbehere.
3:51 of 3rd period - Cody Glass is hit by Anthony Cirelli and loses puck.
4:05 of 3rd period - Vladislav Gavrikov is hit by Anthony Cirelli and loses puck.
4:12 of 3rd period - Cody Glass is hit by Anthony Cirelli and loses puck.
4:30 of 3rd period - Icing by Jordan Harris.
4:31 of 3rd period - Brock Nelson wins face-off versus Yegor Sharangovich in NEW JERSEY Devils zone.
4:31 of 3rd period - Brock Nelson is hit by Mackenzie Entwistle.
4:43 of 3rd period - Shot by Yegor Sharangovich.
4:43 of 3rd period - Shot Misses the Net.
4:59 of 3rd period - Shot by Mackenzie Entwistle.
4:59 of 3rd period - Deflect By Yegor Sharangovich.
4:59 of 3rd period - Shot Hit the Post.
5:01 of 3rd period - Shot by Oliver Ekman-Larsson.
5:01 of 3rd period - Shot Blocked by Vladislav Gavrikov.
6:26 of 3rd period - Nico Hischier is hit by Trevor Zegras and loses puck.
7:12 of 3rd period - Minor Penalty to Roope Hintz for Tripping.
7:13 of 3rd period - Ryan O'Reilly wins face-off versus Rem Pitlick in NEW JERSEY Devils zone.
7:28 of 3rd period - Shot by Tony DeAngelo.
7:28 of 3rd period - Shot Blocked by Brett Kulak.
7:30 of 3rd period - Shot by Nikolaj Ehlers.
7:30 of 3rd period - Stopped by Pavel Francouz without a rebound.
7:31 of 3rd period - Rem Pitlick wins face-off versus Ryan O'Reilly in NEW JERSEY Devils zone.
7:52 of 3rd period - Shot by Ryan O'Reilly.
7:52 of 3rd period - Shot Misses the Net.
7:54 of 3rd period - Shot by Nikolaj Ehlers.
7:54 of 3rd period - Stopped by Pavel Francouz without a rebound.
7:55 of 3rd period - Nico Hischier wins face-off versus Rem Pitlick in NEW JERSEY Devils zone.
8:02 of 3rd period - Shot by Mitch Marner.
8:02 of 3rd period - Deflect By Nico Hischier.
8:02 of 3rd period - Stopped by Pavel Francouz with a rebound.
8:04 of 3rd period - Shot by Rasmus Sandin.
8:04 of 3rd period - Shot Misses the Net.
8:06 of 3rd period - Shot by Oliver Ekman-Larsson.
8:06 of 3rd period - Stopped by Pavel Francouz without a rebound.
8:07 of 3rd period - Rem Pitlick wins face-off versus Nico Hischier in NEW JERSEY Devils zone.
8:48 of 3rd period - Shot by Rasmus Sandin.
8:48 of 3rd period - Stopped by Pavel Francouz without a rebound.
8:49 of 3rd period - Ryan O'Reilly wins face-off versus Brock Nelson in NEW JERSEY Devils zone.
8:50 of 3rd period - Shot by Roman Josi .
8:50 of 3rd period - Deflect By Nikolaj Ehlers.
8:50 of 3rd period - Stopped by Pavel Francouz without a rebound.
8:51 of 3rd period - Arthur Kaliyev wins face-off versus Brock Nelson in NEW JERSEY Devils zone.
9:11 of 3rd period - Icing by Tony DeAngelo.
9:12 of 3rd period - Anthony Cirelli wins face-off versus Trevor Zegras in EDMONTON Oilers zone.
9:18 of 3rd period - Icing by Oliver Ekman-Larsson.
9:19 of 3rd period - Trevor Zegras wins face-off versus Anthony Cirelli in EDMONTON Oilers zone.
9:38 of 3rd period - Shot by Troy Terry.
9:38 of 3rd period - Deflect By Trevor Zegras.
9:38 of 3rd period - Stopped by Juuse Saros with a rebound.
9:40 of 3rd period - Shot by Troy Terry.
9:40 of 3rd period - Shot Misses the Net.
9:42 of 3rd period - Shot by Max Domi.
9:42 of 3rd period - Shot Misses the Net.
9:44 of 3rd period - Shot by Max Domi.
9:44 of 3rd period - Goal by Max Domi - NEW JERSEY Devils : 4 - EDMONTON Oilers : 4.
9:45 of 3rd period - Ryan O'Reilly wins face-off versus Anton Lundell in neutral zone.
10:06 of 3rd period - Minor Penalty to Shayne Gostisbehere for Roughing.
10:07 of 3rd period - Rem Pitlick wins face-off versus Nico Hischier in NEW JERSEY Devils zone.
10:07 of 3rd period - Rem Pitlick is hit by Clayton Keller.
10:21 of 3rd period - Shot by Oliver Ekman-Larsson.
10:21 of 3rd period - Stopped by Pavel Francouz without a rebound.
10:22 of 3rd period - Rem Pitlick wins face-off versus Ryan O'Reilly in NEW JERSEY Devils zone.
10:28 of 3rd period - Icing by Tony DeAngelo.
10:29 of 3rd period - Ryan O'Reilly wins face-off versus Rem Pitlick in EDMONTON Oilers zone.
10:38 of 3rd period - Shot by Tony DeAngelo.
10:38 of 3rd period - Shot Misses the Net.
10:40 of 3rd period - Shot by Roman Josi .
10:40 of 3rd period - Stopped by Pavel Francouz without a rebound.
10:41 of 3rd period - Nico Hischier wins face-off versus Rem Pitlick in NEW JERSEY Devils zone.
10:46 of 3rd period - Shot by Nico Hischier.
10:46 of 3rd period - Stopped by Pavel Francouz without a rebound.
10:47 of 3rd period - Nico Hischier wins face-off versus Rem Pitlick in NEW JERSEY Devils zone.
10:47 of 3rd period - Tony DeAngelo is hit by Brett Kulak and loses puck.
10:52 of 3rd period - Shot by Mitch Marner.
10:52 of 3rd period - Shot Misses the Net.
11:01 of 3rd period - Minor Penalty to Brett Kulak for Cross-checking.
11:02 of 3rd period - Max Domi wins face-off versus Ryan O'Reilly in NEW JERSEY Devils zone.
11:02 of 3rd period - Jaccob Slavin is hit by Arthur Kaliyev and loses puck.
11:16 of 3rd period - Icing by Nikolaj Ehlers.
11:17 of 3rd period - Max Domi wins face-off versus Ryan O'Reilly in EDMONTON Oilers zone.
11:26 of 3rd period - Shot by Nikolaj Ehlers.
11:26 of 3rd period - Deflect By Arthur Kaliyev.
11:26 of 3rd period - Shot Misses the Net.
11:28 of 3rd period - Shot by Nikolaj Ehlers.
11:28 of 3rd period - Shot Misses the Net.
11:30 of 3rd period - Shot by Oliver Ekman-Larsson.
11:30 of 3rd period - Stopped by Pavel Francouz without a rebound.
11:31 of 3rd period - Max Domi wins face-off versus Mitch Marner in NEW JERSEY Devils zone.
12:09 of 3rd period - Shot by Tony DeAngelo.
12:09 of 3rd period - Deflect By Nico Hischier.
12:09 of 3rd period - Stopped by Pavel Francouz without a rebound.
12:10 of 3rd period - Ryan O'Reilly wins face-off versus Rem Pitlick in NEW JERSEY Devils zone.
12:18 of 3rd period - Icing by Nikolaj Ehlers.
12:19 of 3rd period - Rem Pitlick wins face-off versus Ryan O'Reilly in EDMONTON Oilers zone.
12:22 of 3rd period - Shot by Sam Bennett.
12:22 of 3rd period - Stopped by Juuse Saros without a rebound.
12:23 of 3rd period - Nico Hischier wins face-off versus Rem Pitlick in EDMONTON Oilers zone.
12:32 of 3rd period - Shot by Roman Josi .
12:32 of 3rd period - Stopped by Pavel Francouz without a rebound.
12:32 of 3rd period - Minor Penalty to Pavel Francouz for Slashing.
12:33 of 3rd period - Nico Hischier wins face-off versus Max Domi in NEW JERSEY Devils zone.
13:31 of 3rd period - Icing by Ryan O'Reilly.
13:32 of 3rd period - Rem Pitlick wins face-off versus Nikolaj Ehlers in EDMONTON Oilers zone.
13:42 of 3rd period - Icing by Oliver Ekman-Larsson.
13:43 of 3rd period - Ryan O'Reilly wins face-off versus Rem Pitlick in EDMONTON Oilers zone.
13:59 of 3rd period - Icing by Oliver Ekman-Larsson.
14:00 of 3rd period - Rem Pitlick wins face-off versus Ryan O'Reilly in EDMONTON Oilers zone.
14:13 of 3rd period - Shot by Rasmus Sandin.
14:13 of 3rd period - Stopped by Pavel Francouz with a rebound.
14:25 of 3rd period - Shot by Oliver Ekman-Larsson.
14:25 of 3rd period - Shot Misses the Net.
14:27 of 3rd period - Shot by Rasmus Sandin.
14:27 of 3rd period - Shot Blocked by Erik Johnson.
14:35 of 3rd period - Shot by Arthur Kaliyev.
14:35 of 3rd period - Stopped by Pavel Francouz without a rebound.
14:36 of 3rd period - Trevor Zegras wins face-off versus Nico Hischier in NEW JERSEY Devils zone.
15:09 of 3rd period - Shot by Mitch Marner.
15:09 of 3rd period - Stopped by Pavel Francouz without a rebound.
15:10 of 3rd period - Anthony Cirelli wins face-off versus Anton Lundell in NEW JERSEY Devils zone.
15:14 of 3rd period - Icing by Jordan Harris.
15:15 of 3rd period - Ryan O'Reilly wins face-off versus Anton Lundell in NEW JERSEY Devils zone.
15:16 of 3rd period - Shot by Nikolaj Ehlers.
15:16 of 3rd period - Shot Blocked by Anton Lundell.
15:26 of 3rd period - Shot by Nikolaj Ehlers.
15:26 of 3rd period - Deflect By Ryan O'Reilly.
15:26 of 3rd period - Shot Misses the Net.
15:40 of 3rd period - Shot by Roope Hintz.
15:40 of 3rd period - Stopped by Juuse Saros without a rebound.
15:41 of 3rd period - Nico Hischier wins face-off versus Trevor Zegras in EDMONTON Oilers zone.
15:55 of 3rd period - Mitch Marner is hit by Jaccob Slavin and loses puck.
16:11 of 3rd period - Off-side.
16:12 of 3rd period - Ryan O'Reilly wins face-off versus Anton Lundell in neutral zone.
16:21 of 3rd period - Shot by Arthur Kaliyev.
16:21 of 3rd period - Shot Blocked by Roope Hintz.
16:23 of 3rd period - Shot by Oliver Ekman-Larsson.
16:23 of 3rd period - Stopped by Pavel Francouz without a rebound.
16:24 of 3rd period - Christian Dvorak wins face-off versus Anthony Cirelli in NEW JERSEY Devils zone.
16:53 of 3rd period - Shot by Dylan Strome.
16:53 of 3rd period - Stopped by Pavel Francouz without a rebound.
16:54 of 3rd period - Ryan O'Reilly wins face-off versus Trevor Zegras in NEW JERSEY Devils zone.
17:23 of 3rd period - Shot by Trevor Zegras.
17:23 of 3rd period - Shot Misses the Net.
17:25 of 3rd period - Shot by Jaccob Slavin.
17:25 of 3rd period - Shot Misses the Net.
18:20 of 3rd period - Icing by Clayton Keller.
18:21 of 3rd period - Nico Hischier wins face-off versus Anton Lundell in EDMONTON Oilers zone.
18:32 of 3rd period - Shot by Clayton Keller.
18:32 of 3rd period - Stopped by Pavel Francouz with a rebound.
18:34 of 3rd period - Shot by Roman Josi .
18:34 of 3rd period - Shot Misses the Net.
18:36 of 3rd period - Shot by Roman Josi .
18:36 of 3rd period - Shot Misses the Net.
19:02 of 3rd period - Off-side.
19:03 of 3rd period - Nikolaj Ehlers wins face-off versus Brock Nelson in neutral zone.
19:39 of 3rd period - Icing by Oliver Ekman-Larsson.
19:40 of 3rd period - Christian Dvorak wins face-off versus Ryan O'Reilly in EDMONTON Oilers zone.
19:56 of 3rd period - Shot by Nikolaj Ehlers.
19:56 of 3rd period - Stopped by Pavel Francouz with a rebound.
19:58 of 3rd period - Shot by Arthur Kaliyev.
19:58 of 3rd period - Stopped by Pavel Francouz without a rebound.
19:59 of 3rd period - Nico Hischier wins face-off versus Anton Lundell in NEW JERSEY Devils zone.
19:59 of 3rd period - Tony DeAngelo is hit by Shayne Gostisbehere and loses puck.
Goals for this period are 1 for NEW JERSEY Devils vs 0 for EDMONTON Oilers .
Shots for this period are 6 for NEW JERSEY Devils vs 23 for EDMONTON Oilers .

Overtime #1


0:01 of 1st overtime period - Christian Dvorak wins face-off versus Ryan O'Reilly in neutral zone.
0:22 of 1st overtime period - Shot by Ryan O'Reilly.
0:22 of 1st overtime period - Shot Misses the Net.
0:30 of 1st overtime period - Shot by Christian Dvorak.
0:30 of 1st overtime period - Stopped by Juuse Saros without a rebound.
0:31 of 1st overtime period - Ryan O'Reilly wins face-off versus Christian Dvorak in EDMONTON Oilers zone.
0:42 of 1st overtime period - Shot by Anthony Cirelli.
0:42 of 1st overtime period - Shot Blocked by Vladislav Gavrikov.
1:11 of 1st overtime period - Off-side.
1:12 of 1st overtime period - Ryan O'Reilly wins face-off versus Brock Nelson in neutral zone.
1:34 of 1st overtime period - Shot by Max Domi.
1:34 of 1st overtime period - Shot Blocked by Oliver Ekman-Larsson.
1:47 of 1st overtime period - Icing by Oliver Ekman-Larsson.
1:48 of 1st overtime period - Christian Dvorak wins face-off versus Ryan O'Reilly in EDMONTON Oilers zone.
1:51 of 1st overtime period - Shot by Troy Terry.
1:51 of 1st overtime period - Stopped by Juuse Saros with a rebound.
2:43 of 1st overtime period - Shot by Clayton Keller.
2:43 of 1st overtime period - Stopped by Pavel Francouz without a rebound.
2:44 of 1st overtime period - Dylan Strome wins face-off versus Brock Nelson in NEW JERSEY Devils zone.
2:51 of 1st overtime period - Shot by Jonas Siegenthaler.
2:51 of 1st overtime period - Stopped by Pavel Francouz with a rebound.
3:13 of 1st overtime period - Shot by Brock Nelson.
3:13 of 1st overtime period - Deflect By Christian Dvorak.
3:13 of 1st overtime period - Shot Misses the Net.
4:01 of 1st overtime period - Shot by Nico Hischier.
4:01 of 1st overtime period - Stopped by Pavel Francouz with a rebound.
4:48 of 1st overtime period - Shot by Christian Dvorak.
4:48 of 1st overtime period - Stopped by Juuse Saros without a rebound.
4:49 of 1st overtime period - Sam Bennett wins face-off versus Ryan O'Reilly in EDMONTON Oilers zone.
Goals for this period are 0 for NEW JERSEY Devils vs 0 for EDMONTON Oilers .
Shots for this period are 3 for NEW JERSEY Devils vs 3 for EDMONTON Oilers .

ShootOut


5:00 of 1st overtime period - Round #1.
5:00 of 1st overtime period - NEW JERSEY Devils, Max Domi.
5:00 of 1st overtime period - Stopped by Juuse Saros.
5:00 of 1st overtime period - EDMONTON Oilers , Nikolaj Ehlers.
5:00 of 1st overtime period - Shot Misses the Net.
5:00 of 1st overtime period - Round #2.
5:00 of 1st overtime period - NEW JERSEY Devils, Troy Terry.
5:00 of 1st overtime period - Goal by Troy Terry.
5:00 of 1st overtime period - EDMONTON Oilers , Ryan O'Reilly.
5:00 of 1st overtime period - Goal by Ryan O'Reilly.
5:00 of 1st overtime period - Round #3.
5:00 of 1st overtime period - NEW JERSEY Devils, Roope Hintz.
5:00 of 1st overtime period - Goal by Roope Hintz.
5:00 of 1st overtime period - EDMONTON Oilers , Nico Hischier.
5:00 of 1st overtime period - Goal by Nico Hischier.
5:00 of 1st overtime period - Round #4.
5:00 of 1st overtime period - NEW JERSEY Devils, Trevor Zegras.
5:00 of 1st overtime period - Goal by Trevor Zegras.
5:00 of 1st overtime period - EDMONTON Oilers , Clayton Keller.
5:00 of 1st overtime period - Goal by Clayton Keller.
5:00 of 1st overtime period - Round #5.
5:00 of 1st overtime period - NEW JERSEY Devils, Anton Lundell.
5:00 of 1st overtime period - Stopped by Juuse Saros.
5:00 of 1st overtime period - EDMONTON Oilers , Mitch Marner.
5:00 of 1st overtime period - Stopped by Pavel Francouz.
5:00 of 1st overtime period - Round #6.
5:00 of 1st overtime period - NEW JERSEY Devils, Brock Nelson.
5:00 of 1st overtime period - Shot Misses the Net.
5:00 of 1st overtime period - EDMONTON Oilers , Dylan Strome.
5:00 of 1st overtime period - Goal by Dylan Strome.